 Dungeon Crawl Stone Soup version 0.29-a0-817-g9904bce7a6 (webtiles) character file.

Game seed: 11560235808231348162

12 Sabo the Shield-Bearer (level 2, 24/24 HPs)
             Began as a Formicid Fighter on July 5, 2022.
             Was a Follower of Sif Muna.
             Got out of the dungeon alive.
             The game lasted 00:02:20 (431 turns).

Sabo the Shield-Bearer (Formicid Fighter)            Turns: 431, Time: 00:02:20

Health: 24/24      AC:  6    Str: 20    XL:     2   Next: 45%
Magic:  2/2        EV:  9    Int:  7    God:    Sif Muna [*.....]
Gold:   64         SH:  5    Dex: 13    Spells: 1/1 levels left

rFire   . . .      SeeInvis +   a - +0 war axe
rCold   . . .      Faith    .   c - +0 buckler
rNeg    . . .      Spirit   .   b - +0 scale mail
rPois   .          Reflect  .   (helmet unavailable)
rElec   .          Harm     .   (no cloak)
rCorr   .          Rampage  .   (no gloves)
Will    .....                   (no boots)
Stlth   ..........              (no amulet)
HPRegen 0.08/turn               (no ring)
MPRegen 0.08/turn               (no ring)

@: no status effects
A: permanent stasis, dig shafts and tunnels, antennae 3, four strong arms
a: Dig, Shaft Self, Renounce Religion, Channel Magic


You escaped.
You worshipped Sif Muna.
Sif Muna was aware of your devotion.
You visited 1 branch of the dungeon, and saw 1 of its levels.

You collected 64 gold pieces.

Inventory:

Hand Weapons
 a - a +0 war axe (weapon)
Armour
 b - a +0 scale mail (worn)
 c - a +0 buckler (worn)
Scrolls
 e - a scroll of identify {unknown}
 j - a scroll of enchant armour {unknown}
Potions
 d - a potion of might
 f - a potion of invisibility {unknown}
 g - a potion of berserk rage {unknown}
 h - a potion of mutation {unknown}
 i - a potion of resistance {unknown}


   Skills:
 + Level 3.5 Fighting
 + Level 2.3 Axes
 + Level 3.4 Armour
 + Level 4.3 Shields


You had one spell level left.
You didn't know any spells.
Your spell library was empty.

Dungeon Overview and Level Annotations

Branches:
Dungeon (1/15)

Altars:
Sif Muna


Innate Abilities, Weirdness & Mutations

You cannot be hasted, slowed, berserked, paralysed or teleported.
You can dig through walls and to a lower floor.
You have a pair of large antennae on your head. (SInv)
Your four strong arms can wield two-handed weapons with a shield.


Message History

You closely miss the jackal.
A nearby plant withers and dies.
The jackal barely misses you.
The jackal bites you but does no damage.
You slash the jackal!
You kill the jackal!
The jackal bites you but does no damage.
You slash the jackal!
You kill the jackal!
The jackal bites you.
You barely miss the jackal. The jackal bites you. The jackal barely misses you.
You miss the jackal. The jackal bites you.
You hit the jackal.
The jackal is heavily wounded.
The jackal bites you but does no damage.
You block the jackal's attack.
You closely miss the jackal.
The jackal is heavily wounded.
The jackal bites you but does no damage. x2
The jackal barely misses you.
You slash the jackal!
You kill the jackal!
Things that are here:
a jackal corpse; a jackal corpse You start resting.
HP restored.
Found a faded altar of an unknown god.
There is a faded altar of an unknown god here.
You cannot tell which god this altar belongs to.
Convert to them anyway?
Sif Muna accepts your prayer! Sif Muna welcomes you!
You can now call upon Sif Muna for magical energy.
You see here a +0 mace.
You see here a +0 dagger.
You see here 4 stones.
You open the door.
There is an open door here.
There is a staircase leading out of the dungeon here.
You can't go down here!
Are you sure you want to leave the Dungeon?
This will make you lose the game!
You have escaped!

#.# #.#
##.##
#...#
#...#
##...##
#.....#
#..@..#
#.....#
##...##
#...#
#...#
#.##
##.##
....
#.#
...#
#.# ..#
.#.# #
#.# #.#


There were no monsters in sight!

Vanquished Creatures
  An endoplasm (D:1)
  A giant cockroach (D:1)
  2 goblins (D:1)
  4 jackals (D:1)
  A bat (D:1)
  A frilled lizard (D:1)
10 creatures vanquished.

Vanquished Creatures (others)
  5 fungi (D:1)
  3 plants (D:1)
8 creatures vanquished.

Grand Total: 18 creatures vanquished

Notes
Turn   | Place    | Note
-------+----------+-------------------------------------------
     0 | D:1      | Sabo the Formicid Fighter began the quest for the Orb.
     0 | D:1      | Reached XP level 1. HP: 18/18 MP: 1/1
   246 | D:1      | Reached XP level 2. HP: 24/24 MP: 2/2
   343 | D:1      | Found a faded altar of an unknown god.
   351 | D:1      | Prayed at the altar of an unknown god.
   351 | D:1      | Became a worshipper of Sif Muna the Loreminder
   351 | D:1      | Reached * piety under Sif Muna
   431 | D:$      | Got out of the dungeon alive.

Illustrated notes

Levels and vault maps discovered:
D:1:      dpeg_arrival_rhombus, layout_loops_corners,
          shapermc_ecumenical_altar_gd

Action                   || total
-------------------------++-------
Melee: War axe           ||    28
Armor: Scale mail        ||    13
Dodge: Dodged            ||    15
Block: Buckler           ||     5

Table legend: (Time is in decaauts)
 A = Elapsed time spent in this place.
 B = Non-inter-level travel time spent in this place.
 C = Inter-level travel time spent in this place.
 D = Time resting spent in this place.
 E = Time spent auto-exploring this place.
 F = Levels seen in this place.
 G = Mean time per level.
                   A        B        C        D        E       F      G
               +--------+--------+--------+--------+--------+-----+--------+
         Total |    443 |    443 |      0 |     67 |      0 |   1 |  443.0 |
       Dungeon |    443 |    443 |      0 |     67 |      0 |   1 |  443.0 |
               +--------+--------+--------+--------+--------+-----+--------+

Top non-repeatable levels by time:
     D:1: 443 daAuts
